| TOP OF THE 1ST |
|
San Diego Padres batting - Pitching for Colorado Rockies : LHP Cooper Bate
|
|
Pitching: LHP Cooper Bate
|
|
|
Batting: SHB Antoine Roux
|
0-0: Ball 1-0: Ball 2-0: Fly out, F8 (Flyball, 8LM, EV 96.2 MPH)
|
|
Batting: SHB Phil Zacharia
|
0-0: Called Strike 0-1: Ball 1-1: Foul Ball, location: 2F 1-2: Ball 2-2: Ball 3-2: SINGLE (Line Drive, 56D, EV 96.9 MPH)
|
|
Batting: RHB Chiel Palstermans
|
0-0: Grounds into double play, 4-6-3 (Groundball, 34, EV 78.1 MPH)
|
| Top of the 1st over - 0 runs, 1 hit, 0 errors, 0 left on base; San Diego 0 - Colorado 0 |
| BOTTOM OF THE 1ST |
|
Colorado Rockies batting - Pitching for San Diego Padres : LHP Matt Wheeler
|
|
Pitching: LHP Matt Wheeler
|
|
|
Batting: SHB Chris Blue
|
0-0: Called Strike 0-1: Foul Ball, location: 2F 0-2: Strikes out swinging
|
|
Batting: SHB Jon Munoz
|
0-0: SINGLE (Line Drive, 89M, EV 89.4 MPH)
|
|
Batting: RHB Joel Haycock
|
0-0: Swinging Strike 0-1: Ball 1-1: Called Strike Jon Munoz steals 2nd base 1-2: Strikes out swinging
|
|
Batting: RHB Jason Andrews
|
0-0: Ball 1-0: Fly out, F9 (Flyball, 9LS, EV 96.2 MPH)
|
| Bottom of the 1st over - 0 runs, 1 hit, 0 errors, 1 left on base; San Diego 0 - Colorado 0 |
| TOP OF THE 2ND |
|
San Diego Padres batting - Pitching for Colorado Rockies : LHP Cooper Bate
|
|
Batting: RHB Dietmar Warmisch
|
0-0: Called Strike 0-1: Foul Ball, location: 2F 0-2: DOUBLE (Line Drive, 9LM, EV 108.1 MPH) - OUT at third base trying to stretch hit.
|
|
Batting: LHB Mike Holt
|
0-0: Foul Ball, location: 2F 0-1: Foul Ball, location: 2F 0-2: Ground out 6-3 (Groundball, 6, EV 86.2 MPH)
|
|
Batting: LHB Ryan Flynn Jr.
|
0-0: Ball 1-0: Called Strike 1-1: Ground out 4-3 (Groundball, 4, EV 87.5 MPH)
|
| Top of the 2nd over - 0 runs, 1 hit, 0 errors, 0 left on base; San Diego 0 - Colorado 0 |
| BOTTOM OF THE 2ND |
|
Colorado Rockies batting - Pitching for San Diego Padres : LHP Matt Wheeler
|
|
Batting: RHB Sterling Acosta
|
0-0: Ball 1-0: Called Strike 1-1: Foul Ball, location: 2F 1-2: Hit by Pitch
|
|
Batting: SHB Eddie Quinones
|
0-0: SINGLE (Line Drive, 6MD, EV 95.6 MPH) Sterling Acosta to second
|
|
Batting: RHB Chad Thompson
|
0-0: Ball 1-0: Ball 2-0: Foul Ball, location: 2F 2-1: Foul Ball, location: 2F 2-2: Strikes out swinging
|
|
Batting: LHB Fabiano Perrolas
|
0-0: Called Strike 0-1: Ball 1-1: Ball 2-1: Fielders Choice at 2nd, 6-4 (Groundball, 56D, EV 80.0 MPH) Sterling Acosta to third
|
|
Batting: LHB Robert Watson
|
0-0: Ball 1-0: Foul Ball, location: 2F 1-1: Swinging Strike 1-2: DOUBLE (Line Drive, 78M, EV 111.2 MPH) Sterling Acosta scores Fabiano Perrolas to third Runner from 3rd tries for Home, SAFE, throw by LF to home
|
|
Batting: SHB Chris Blue
|
0-0: Ball 1-0: Ball 2-0: Called Strike 2-1: Swinging Strike 2-2: Foul Ball, location: 2F 2-2: Strikes out swinging
|
| Bottom of the 2nd over - 2 runs, 2 hits, 0 errors, 1 left on base; San Diego 0 - Colorado 2 |
| TOP OF THE 3RD |
|
San Diego Padres batting - Pitching for Colorado Rockies : LHP Cooper Bate
|
|
Batting: RHB Luis Villanueva
|
0-0: Fly out, F8 (Line Drive, 8LM, EV 88.8 MPH)
|
|
Batting: RHB Jose Morrissey
|
0-0: TRIPLE (Line Drive, 8RXD, EV 108.8 MPH)
|
|
Batting: SHB Rich Chavez
|
0-0: Ball 1-0: Swinging Strike 1-1: Swinging Strike 1-2: Foul Ball, location: 2F 1-2: Ball 2-2: Ball 3-2: Strikes out looking
|
|
Batting: SHB Antoine Roux
|
0-0: Called Strike 0-1: Called Strike 0-2: Ball 1-2: 2-RUN HOME RUN (Flyball, 7D, EV 98.8 MPH), Distance : 376 ft
|
|
Batting: SHB Phil Zacharia
|
0-0: SINGLE (Flyball, 89M, EV 74.4 MPH)
|
|
Batting: RHB Chiel Palstermans
|
0-0: Called Strike 0-1: Swinging Strike 0-2: Hit by Pitch Phil Zacharia to second
|
|
Batting: RHB Dietmar Warmisch
|
0-0: Called Strike 0-1: Ball 1-1: Ball 2-1: SINGLE (Groundball, 6MD, EV 106.9 MPH) Phil Zacharia to third Chiel Palstermans to second Runner from 3rd tries for Home, SAFE, throw by CF to home
|
|
Batting: LHB Mike Holt
|
0-0: Ball 1-0: Swinging Strike 1-1: Ball 2-1: Ball 3-1: Base on Balls Chiel Palstermans to third Dietmar Warmisch to second
|
|
Batting: LHB Ryan Flynn Jr.
|
0-0: Ball 1-0: Called Strike 1-1: Foul Ball, location: 2F 1-2: DOUBLE (Line Drive, 5D, EV 97.5 MPH) Chiel Palstermans scores Dietmar Warmisch scores Mike Holt to third Runner from 3rd tries for Home, SAFE, no throw by LF
|
|
Pitching: RHP Victor Castillo
|
|
|
Batting: RHB Luis Villanueva
|
0-0: Ball 1-0: Ball 2-0: Called Strike 2-1: Ball 3-1: Called Strike 3-2: Ground out 5-3 (Groundball, 5S, EV 68.8 MPH)
|
| Top of the 3rd over - 6 runs, 5 hits, 0 errors, 1 left on base; San Diego 6 - Colorado 2 |
| BOTTOM OF THE 3RD |
|
Colorado Rockies batting - Pitching for San Diego Padres : LHP Matt Wheeler
|
|
Batting: SHB Jon Munoz
|
0-0: Foul Ball, location: 2F 0-1: Called Strike 0-2: Strikes out swinging
|
|
Batting: RHB Joel Haycock
|
0-0: SINGLE (Groundball, 56D, EV 110.6 MPH)
|
|
Batting: RHB Jason Andrews
|
0-0: Foul Ball, location: 2F 0-1: Swinging Strike 0-2: Foul Ball, location: 2F 0-2: Strikes out swinging
|
|
Batting: RHB Sterling Acosta
|
0-0: Foul Ball, location: 2F 0-1: Swinging Strike 0-2: SINGLE (Flyball, 8RS, EV 90.0 MPH) Joel Haycock to second
|
|
Batting: SHB Eddie Quinones
|
0-0: Called Strike 0-1: Ball 1-1: Swinging Strike 1-2: Ball 2-2: Ball 3-2: Strikes out looking
|
| Bottom of the 3rd over - 0 runs, 2 hits, 0 errors, 2 left on base; San Diego 6 - Colorado 2 |
| TOP OF THE 4TH |
|
San Diego Padres batting - Pitching for Colorado Rockies : RHP Victor Castillo
|
|
Batting: RHB Jose Morrissey
|
0-0: Called Strike 0-1: Called Strike 0-2: Foul Ball, location: 2F 0-2: Ball 1-2: Foul Ball, location: 2F 1-2: Ball 2-2: Ground out 3-1 (Groundball, 34, EV 88.8 MPH)
|
|
Batting: SHB Rich Chavez
|
0-0: Called Strike 0-1: DOUBLE (Flyball, 78XD, EV 105.0 MPH)
|
|
Batting: SHB Antoine Roux
|
0-0: Foul Ball, location: 2F 0-1: Ground out U3 (Groundball, 3, EV 84.4 MPH) Rich Chavez to third
|
|
Batting: SHB Phil Zacharia
|
0-0: Ball 1-0: Ground out 3-1 (Groundball, 34, EV 102.5 MPH)
|
| Top of the 4th over - 0 runs, 1 hit, 0 errors, 1 left on base; San Diego 6 - Colorado 2 |
| BOTTOM OF THE 4TH |
|
Colorado Rockies batting - Pitching for San Diego Padres : LHP Matt Wheeler
|
|
Batting: RHB Chad Thompson
|
0-0: TRIPLE (Flyball, 8RXD, EV 93.8 MPH)
|
|
Batting: LHB Fabiano Perrolas
|
0-0: Swinging Strike 0-1: Ball 1-1: Called Strike 1-2: Ball 2-2: Ball 3-2: Strikes out swinging
|
|
Batting: LHB Robert Watson
|
0-0: Ball 1-0: Fly out, F9 (Flyball, 89M, EV 91.9 MPH)
|
|
Batting: SHB Chris Blue
|
0-0: Ground out 6-3 (Groundball, 6S, EV 70.0 MPH)
|
| Bottom of the 4th over - 0 runs, 1 hit, 0 errors, 1 left on base; San Diego 6 - Colorado 2 |
| TOP OF THE 5TH |
|
San Diego Padres batting - Pitching for Colorado Rockies : RHP Victor Castillo
|
|
Batting: RHB Chiel Palstermans
|
0-0: Ball 1-0: Ground out 2-3 (Groundball, 13S, EV 70.6 MPH)
|
|
Batting: RHB Dietmar Warmisch
|
0-0: Ball 1-0: SOLO HOME RUN (Flyball, 8RXD, EV 107.5 MPH), Distance : 432 ft
|
|
Batting: LHB Mike Holt
|
0-0: Ball 1-0: Called Strike 1-1: Foul Ball, location: 2F 1-2: Ground out 4-3 (Groundball, 4, EV 80.6 MPH)
|
|
Batting: LHB Ryan Flynn Jr.
|
0-0: Swinging Strike 0-1: Ball 1-1: Foul Ball, location: 2F 1-2: Foul Ball, location: 2F 1-2: Ball 2-2: Strikes out swinging
|
| Top of the 5th over - 1 run, 1 hit, 0 errors, 0 left on base; San Diego 7 - Colorado 2 |
| BOTTOM OF THE 5TH |
|
Colorado Rockies batting - Pitching for San Diego Padres : LHP Matt Wheeler
|
|
Batting: SHB Jon Munoz
|
0-0: Foul Ball, location: 2F 0-1: Called Strike 0-2: Strikes out swinging
|
|
Batting: RHB Joel Haycock
|
0-0: Ball 1-0: Called Strike 1-1: Fly out, F8 (Flyball, 89S, EV 78.1 MPH)
|
|
Batting: RHB Jason Andrews
|
0-0: Called Strike 0-1: Ball 1-1: Called Strike 1-2: Strikes out swinging
|
| Bottom of the 5th over - 0 runs, 0 hits, 0 errors, 0 left on base; San Diego 7 - Colorado 2 |
| TOP OF THE 6TH |
|
San Diego Padres batting - Pitching for Colorado Rockies : RHP Victor Castillo
|
|
Batting: RHB Luis Villanueva
|
0-0: Called Strike 0-1: Ball 1-1: SINGLE (Groundball, 6MD, EV 104.4 MPH)
|
|
Batting: RHB Jose Morrissey
|
0-0: Foul Ball, location: 2F 0-1: Ball 1-1: Foul Ball, location: 2F 1-2: Foul Ball, location: 2F 1-2: Ball 2-2: Foul Ball, location: 2F 2-2: Grounds into double play, 6-4-3 (Groundball, 6M, EV 96.2 MPH)
|
|
Batting: SHB Rich Chavez
|
0-0: Ground out 1-3 (Groundball, 13S, EV 65.0 MPH)
|
| Top of the 6th over - 0 runs, 1 hit, 0 errors, 0 left on base; San Diego 7 - Colorado 2 |
| BOTTOM OF THE 6TH |
|
Colorado Rockies batting - Pitching for San Diego Padres : LHP Matt Wheeler
|
|
Batting: RHB Sterling Acosta
|
0-0: Swinging Strike 0-1: Ball 1-1: Called Strike 1-2: Ground out 4-3 (Groundball, 4, EV 90.0 MPH)
|
|
Batting: SHB Eddie Quinones
|
0-0: Ball 1-0: Foul Ball, location: 2F 1-1: Ball 2-1: DOUBLE (Groundball, 5L, EV 102.5 MPH)
|
|
Batting: RHB Chad Thompson
|
0-0: Called Strike Eddie Quinones steals 3rd base (no throw) 0-1: SINGLE (Groundball, 56S, EV 68.8 MPH) (infield hit) Eddie Quinones scores
|
|
Batting: LHB Fabiano Perrolas
|
0-0: Ball 1-0: Ball 2-0: Grounds into double play, 4-6-3 (Groundball, 34, EV 80.0 MPH)
|
| Bottom of the 6th over - 1 run, 2 hits, 0 errors, 0 left on base; San Diego 7 - Colorado 3 |
| TOP OF THE 7TH |
|
San Diego Padres batting - Pitching for Colorado Rockies : RHP Victor Castillo
|
|
Pitching: RHP Victor Walshe
|
|
|
Batting: SHB Antoine Roux
|
0-0: Ball 1-0: Fly out, F7 (Line Drive, 78S, EV 96.2 MPH)
|
|
Batting: SHB Phil Zacharia
|
0-0: Ball 1-0: Ball 2-0: Ball 3-0: SINGLE (Groundball, P, EV 84.4 MPH) (infield hit)
|
|
Batting: RHB Chiel Palstermans
|
0-0: Fly out, F8 (Flyball, 89D, EV 87.5 MPH)
|
|
Batting: RHB Dietmar Warmisch
|
0-0: Called Strike 0-1: Ball 1-1: Ball Pickoff Throw to First - Out! 1-3
|
| Top of the 7th over - 0 runs, 1 hit, 0 errors, 0 left on base; San Diego 7 - Colorado 3 |
| BOTTOM OF THE 7TH |
|
Colorado Rockies batting - Pitching for San Diego Padres : LHP Matt Wheeler
|
|
Batting: LHB Robert Watson
|
0-0: Ball 1-0: Ball 2-0: Fly out, F4 (Line Drive, 4, EV 70.0 MPH)
|
|
Batting: SHB Chris Blue
|
0-0: Fly out, F8 (Flyball, 8RS, EV 88.1 MPH)
|
|
Batting: SHB Jon Munoz
|
0-0: TRIPLE (Line Drive, 9LD, EV 105.6 MPH)
|
|
Batting: RHB Joel Haycock
|
0-0: Ball 1-0: Ball 2-0: Called Strike 2-1: Swinging Strike 2-2: DOUBLE (Line Drive, 7LS, EV 98.1 MPH) Jon Munoz scores
|
|
Batting: RHB Jason Andrews
|
0-0: Ball 1-0: Ball 2-0: Fly out, F9 (Flyball, 9LD, EV 87.5 MPH)
|
| Bottom of the 7th over - 1 run, 2 hits, 0 errors, 1 left on base; San Diego 7 - Colorado 4 |
| TOP OF THE 8TH |
|
San Diego Padres batting - Pitching for Colorado Rockies : RHP Victor Walshe
|
|
Batting: RHB Dietmar Warmisch
|
0-0: Ball 1-0: Ball 2-0: Called Strike 2-1: Ground out 3-1 (Groundball, 34S, EV 89.4 MPH)
|
|
Batting: LHB Mike Holt
|
0-0: Foul Ball, location: 2F 0-1: Ball 1-1: SINGLE (Groundball, 4D, EV 101.2 MPH)
|
|
Batting: LHB Ryan Flynn Jr.
|
0-0: Ball 1-0: Called Strike 1-1: Fly out, F7 (Line Drive, 7S, EV 90.0 MPH)
|
|
Batting: RHB Luis Villanueva
|
0-0: Ball 1-0: Called Strike 1-1: Ball 2-1: DOUBLE (Line Drive, 7LM, EV 107.5 MPH) Mike Holt to third Runner from 3rd tries for Home, SAFE, no throw by LF
|
|
Batting: RHB Jose Morrissey
|
0-0: Swinging Strike 0-1: Swinging Strike 0-2: Strikes out looking
|
| Top of the 8th over - 1 run, 2 hits, 0 errors, 1 left on base; San Diego 8 - Colorado 4 |
| BOTTOM OF THE 8TH |
|
Colorado Rockies batting - Pitching for San Diego Padres : LHP Matt Wheeler
|
|
Batting: RHB Sterling Acosta
|
0-0: Called Strike 0-1: Called Strike 0-2: Strikes out looking
|
|
Batting: SHB Eddie Quinones
|
0-0: Ball 1-0: Ball 2-0: Foul Ball, location: 2F 2-1: SINGLE (Groundball, 5S, EV 73.1 MPH) (infield hit)
|
|
Batting: RHB Chad Thompson
|
0-0: Ball 1-0: Foul Ball, location: 2F 1-1: Ball 2-1: Ball 3-1: Foul Ball, location: 2F 3-2: Strikes out swinging Eddie Quinones is caught stealing 2nd base 2-4 Batter strikes out.
|
| Bottom of the 8th over - 0 runs, 1 hit, 0 errors, 0 left on base; San Diego 8 - Colorado 4 |
| TOP OF THE 9TH |
|
San Diego Padres batting - Pitching for Colorado Rockies : RHP Victor Walshe
|
|
Pitching: RHP Mike Chapman
|
|
|
Batting: SHB Rich Chavez
|
0-0: Called Strike 0-1: Ball 1-1: Ball 2-1: Foul Ball, location: 2F 2-2: Foul Ball, location: 2F 2-2: Strikes out swinging
|
|
Batting: SHB Antoine Roux
|
0-0: Foul Ball, location: 2F 0-1: Ball 1-1: Ball 2-1: Swinging Strike 2-2: Ground out 4-3 (Groundball, 4, EV 81.9 MPH)
|
|
Batting: SHB Phil Zacharia
|
0-0: Called Strike 0-1: Ball 1-1: Ground out 5-3 (Groundball, 56, EV 86.2 MPH)
|
| Top of the 9th over - 0 runs, 0 hits, 0 errors, 0 left on base; San Diego 8 - Colorado 4 |
| BOTTOM OF THE 9TH |
|
Colorado Rockies batting - Pitching for San Diego Padres : LHP Matt Wheeler
|
|
Batting: LHB Fabiano Perrolas
|
0-0: Called Strike 0-1: Ball 1-1: Fly out, F8 (Flyball, 78S, EV 89.4 MPH)
|
|
Pitching: RHP Bryce Cleavinger
|
|
|
Batting: LHB Robert Watson
|
0-0: Ball 1-0: Swinging Strike 1-1: Fly out, F8 (Flyball, 8LD, EV 98.8 MPH)
|
|
Batting: SHB Chris Blue
|
0-0: Swinging Strike 0-1: Ball 1-1: Fly out, F9 (Flyball, 9S, EV 91.2 MPH)
|
| Bottom of the 9th over - 0 runs, 0 hits, 0 errors, 0 left on base; San Diego 8 - Colorado 4 |
|